Map: Dynasty LE

Players

REDFURY - Winner!

  • Race: Terran Terran
  • League: Diamond
  • Spawn Location: 1:00

Moo

  • Race: Protoss Protoss
  • League: Diamond
  • Spawn Location: 7:00

VOD

Have the link to the VOD?

Description

Time

  • Played on: April 24, 2024, 10:28 a.m.
  • Length: 23:09
Show
View Real Time Build Order
Export as new Build Order

REDFURY Terran - Winner!

Build Orders: 2 Factory, Mech 

Get SALT Encoding   

  12  0:00  SCV  
  13  0:12  SCV  
  14  0:17  Supply Depot  
  14  0:24  SCV  
  15  0:36  Refinery  
  15  0:39  SCV  
  16  0:45  Barracks  
  16  0:51  SCV  
  17  1:03  SCV  
  18  1:15  SCV  
  21  1:32  Reaper  
  21  1:36  Orbital Command  
  20  1:46  Command Center  
  20  1:59  Factory  
  20  2:16  SCV  
  20  2:19  Supply Depot  
  20  2:20  Refinery, Barracks Reactor  
  21  2:28  SCV  
  22  3:00  SCV  
  22  3:01  Orbital Command  
  22  3:03  Cyclone x2  
  27  3:12  SCV  
  28  3:15  Barracks Tech Lab  
  28  3:20  Factory  
  27  3:31  SCV  
  29  3:34  SCV  
  28  3:51  Cyclone x2  
  28  3:52  SCV  
  33  4:03  SCV, Supply Depot  
  33  4:04  SCV, Starport  
  35  4:11  Refinery  
  35  4:12  Hurricane Engines  
  35  4:15  Hellion, SCV  
  35  4:16  Refinery  
  38  4:23  Hellion x2  
  42  4:25  Barracks Tech Lab  
  42  4:26  SCV  
  43  4:34  SCV  
  44  4:43  SCV  
  45  4:46  Hellion x2  
  45  4:50  Hellion, SCV  
  45  4:52  Supply Depot x2  
  52  4:57  Starport Tech Lab  
  52  5:00  SCV  
  52  5:03  SCV  
  58  5:14  Hellion x2  
  58  5:15  Supply Depot  
  58  5:18  SCV x2  
  58  5:21  Siege Tank  
  63  5:23  Raven  
  65  5:30  SCV x2, Supply Depot  
  67  5:42  SCV  
  68  5:58  Command Center  
  68  5:59  Infernal Pre-Igniter  
  68  6:00  Siege Tank  
  68  6:01  Interference Matrix  
  68  6:02  Raven  
  73  6:10  Starport  
  73  6:24  SCV x2  
  75  6:26  Cyclone x2  
  75  6:28  Marine  
  75  6:31  Factory  
  75  6:32  Factory  
  80  6:36  SCV  
  81  6:45  Siege Tank  
  84  6:51  Starport Tech Lab, Supply Depot  
  84  6:52  Supply Depot  
  84  7:05  Cyclone  
  86  7:09  Cyclone, SCV  
  86  7:10  Raven  
  91  7:16  Factory Reactor  
  91  7:17  Cyclone, Factory Reactor  
  88  7:40  SCV  
  88  7:41  SCV  
  90  7:46  Raven  
  90  7:49  Raven  
  94  7:53  SCV x2  
  96  7:59  Cyclone  
  96  8:01  Orbital Command, Refinery  
  96  8:05  SCV x2  
  100  8:06  Refinery  
  100  8:08  Supply Depot  
  100  8:09  Cyclone x2  
  100  8:11  Cyclone  
  106  8:17  SCV x2  
  108  8:29  SCV x2  
  108  8:33  Cyclone x3  
  108  8:34  Cyclone  
  118  8:41  Hellion, SCV x2  
  119  8:42  Hellion, SCV  
  119  8:47  Factory  
  125  8:50  Supply Depot  
  125  8:51  Supply Depot  
  125  8:59  Armory  
  125  9:02  Armory  
  125  9:11  SCV x3, Raven  
  125  9:14  Factory  
  125  9:17  Command Center  
  130  9:23  SCV x3  
  129  9:35  SCV  
  90  9:54  Cyclone  
  90  9:55  Cyclone x6  
  92  10:06  Factory Reactor x2  
  93  10:14  SCV x2  
  93  10:17  Viking  
  93  10:19  Viking  
  98  10:26  Cyclone  
  98  10:27  Hellion, Cyclone x4  
  98  10:28  Hellion  
  112  10:30  SCV x3  
  115  10:41  Command Center  
  115  10:42  SCV x2  
  117  10:43  SCV  
  118  10:52  Orbital Command  
  118  10:54  SCV x2  
  118  10:55  SCV  
  121  11:02  Refinery x2  
  121  11:06  Cyclone x3, SCV  
  121  11:07  Cyclone x3  
  121  11:10  Hellion x2  
  138  11:11  SCV x2  
  138  11:17  Terran Vehicle Weapons Level 1  
  140  11:18  SCV  
  140  11:21  Viking, Supply Depot  
  140  11:23  SCV  
  144  11:28  SCV  
  144  11:29  SCV  
  144  11:31  SCV  
  147  11:33  Hellion  
  147  11:34  Hellion x3  
  147  11:36  SCV  
  156  11:43  Hellion x2, SCV x3  
  163  11:57  SCV x4  
  163  11:58  Cyclone x3  
  163  11:59  Widow Mine x3  
  179  12:07  Widow Mine  
  179  12:10  Cyclone  
  179  12:25  Hellion  
  164  12:56  Cyclone x6  
  164  12:57  Hellion x2, Widow Mine x2  
  164  12:58  Siege Tank  
  175  13:08  Refinery  
  175  13:18  Cyclone x2  
  179  13:25  Hellion x2  
  175  13:30  Siege Tank  
  175  13:32  Cyclone x2  
  175  13:33  Hellion, Widow Mine  
  178  13:48  Supply Depot  
  178  13:49  Terran Vehicle And Ship Armor Level 1  
  178  13:50  Terran Vehicle Weapons Level 2, Supply Depot  
  178  14:06  Orbital Command  
  178  14:07  SCV  
  179  14:10  Hellion, Cyclone x2, Raven  
  179  14:12  Hellion, SCV x2, Widow Mine x2  
  195  14:22  Hellion  
  195  14:32  Hellion  
  195  14:37  Widow Mine  
  195  14:38  Raven  
  195  14:39  Widow Mine x2  
  195  14:44  Siege Tank  
  146  15:00  Hellion, Cyclone x4  
  146  15:01  Cyclone x5  
  166  15:12  Raven  
  168  15:16  Siege Tank  
  171  15:21  Cyclone  
  154  15:32  Cyclone x2  
  154  15:33  Hellion, Cyclone x3  
  154  15:35  Cyclone x3  
  100  15:48  Siege Tank  
  93  15:53  Cyclone  
  93  15:54  Cyclone  
  97  16:04  Cyclone x2  
  97  16:05  Cyclone  
  97  16:08  Cyclone x3  
  97  16:09  Cyclone x2  
  86  16:20  Siege Tank  
  68  16:25  Cyclone  
  68  16:26  Cyclone  
  68  16:32  Raven x2  
  70  16:35  SCV  
  70  16:36  Cyclone x2  
  70  16:37  Cyclone  
  75  16:40  Cyclone x2  
  75  16:41  Hellion x2, Cyclone  
  85  16:52  Siege Tank  
  88  16:56  Command Center  
  88  16:58  Cyclone x2  
  92  17:08  SCV x2  
  94  17:11  Command Center  
  94  17:27  Widow Mine  
  94  17:28  Hellion x4, Widow Mine x2  
  94  17:29  Hellion x2  
  112  17:30  Hellion x2  
  112  17:31  SCV  
  112  17:34  SCV  
  118  17:43  Raven  
  120  17:49  Hellion, Cyclone x3, SCV x2  
  120  17:50  Hellion x3, Widow Mine x2  
  140  17:51  Cyclone x2  
  144  18:01  SCV x2  
  144  18:03  Raven  
  148  18:09  Orbital Command  
  148  18:10  Hellion  
  150  18:13  SCV x2  
  152  18:25  SCV  
  152  18:26  Orbital Command, SCV  
  154  18:37  SCV  
  154  18:38  SCV  
  154  18:39  SCV  
  157  18:50  SCV x2  
  157  18:51  SCV  
  157  18:54  Command Center  
  160  18:56  Refinery  
  160  18:57  Refinery  
  160  19:02  Command Center, SCV x2  
  162  19:03  SCV  
  163  19:13  Widow Mine x2  
  163  19:14  Hellion x3, Cyclone x3, SCV x2, Widow Mine  
  163  19:15  Cyclone x2  
  163  19:16  SCV  
  188  19:35  Hellion x3  
  194  19:55  Widow Mine  
  194  19:56  Siege Tank  
  155  20:28  Thor  
  133  20:37  Cyclone  
  133  20:38  Cyclone x7  
  133  20:39  Hellion, Cyclone  
  147  21:01  Hellion  
  149  21:10  Hellion x2, Cyclone x5, Thor  
  149  21:11  Hellion, Widow Mine  
  171  21:22  Hellion  
  161  21:40  Cyclone x4  
  161  21:42  Cyclone x2  
  157  21:53  Siege Tank  
  155  22:13  Cyclone x2  
  155  22:14  Cyclone x5  
  155  22:15  Hellion  
Show
View Real Time Build Order
Export as new Build Order

Moo Protoss 

Build Orders: 1 Gate Expand, Carriers 

Get SALT Encoding   

  12  0:00  Probe  
  13  0:12  Probe  
  14  0:17  Pylon  
  14  0:24  Probe  
  15  0:35  Gateway  
  15  0:38  Probe (Chrono Boost)  
  16  0:48  Assimilator, Probe (Chrono Boost)  
  17  0:53  Probe (Chrono Boost)  
  18  1:04  Probe, Pylon  
  19  1:16  Probe  
  20  1:24  Cybernetics Core  
  20  1:43  Nexus  
  20  1:50  Assimilator  
  20  1:57  Probe  
  20  2:00  Adept (Chrono Boost)  
  23  2:02  Warp Gate  
  23  2:09  Probe  
  24  2:20  Stalker (Chrono Boost)  
  24  2:21  Probe  
  27  2:34  Probe  
  26  2:57  Probe (Chrono Boost)  
  27  3:00  Probe (Chrono Boost)  
  28  3:09  Probe (Chrono Boost)  
  28  3:10  Probe (Chrono Boost)  
  30  3:18  Probe  
  31  3:31  Probe (Chrono Boost)  
  33  3:36  Probe (Chrono Boost), Pylon  
  33  3:40  Probe (Chrono Boost)  
  32  3:44  Probe (Chrono Boost)  
  32  3:45  Probe (Chrono Boost)  
  32  3:47  Shield Battery x2  
  34  3:52  Stalker  
  34  3:55  Probe  
  37  3:58  Robotics Facility  
  37  4:00  Gateway  
  37  4:02  Gateway  
  35  4:05  Pylon  
  35  4:07  Probe x2  
  37  4:17  Stalker  
  37  4:19  Probe x2  
  37  4:23  Twilight Council  
  41  4:31  Probe x2  
  43  4:41  Sentry  
  45  4:48  Assimilator  
  45  4:49  Immortal (Chrono Boost), Pylon  
  45  4:51  Assimilator  
  45  4:59  Stalker, Sentry  
  53  5:06  Blink  
  53  5:10  Probe (Chrono Boost)  
  55  5:15  Probe (Chrono Boost)  
  55  5:20  Probe (Chrono Boost)  
  56  5:24  Probe (Chrono Boost)  
  56  5:25  Probe (Chrono Boost)  
  56  5:27  Robotics Bay  
  58  5:28  Immortal (Chrono Boost)  
  62  5:35  Probe  
  62  5:36  Stalker  
  65  5:49  Forge  
  65  5:50  Nexus  
  65  5:52  Pylon  
  65  5:53  Stalker  
  67  5:58  Stalker  
  69  6:07  Observer (Chrono Boost)  
  70  6:14  Stalker  
  72  6:19  Pylon  
  72  6:21  Probe x2, Gateway x2, Extended Thermal Lance  
  72  6:22  Pylon  
  72  6:24  Protoss Ground Weapons Level 1 (Chrono Boost)  
  74  6:26  Observer  
  75  6:33  Probe  
  76  6:44  Colossus  
  76  6:47  Probe x2  
  84  6:59  Probe x2  
  85  7:09  Robotics Facility  
  85  7:13  Charge (Chrono Boost)  
  77  7:32  Probe x2  
  77  7:33  Probe  
  80  7:38  Immortal  
  80  7:44  Probe  
  85  7:45  Probe x2  
  87  7:52  Stalker x2  
  87  7:53  Stalker x3  
  87  7:56  Probe  
  87  7:57  Probe x2  
  100  8:06  Pylon, Photon Cannon  
  100  8:09  Pylon x2  
  100  8:10  Photon Cannon  
  100  8:16  Shield Battery  
  100  8:17  Immortal  
  100  8:19  Pylon  
  104  8:21  Photon Cannon  
  104  8:23  Photon Cannon  
  104  8:25  Probe x2  
  106  8:27  Protoss Ground Weapons Level 2 (Chrono Boost)  
  106  8:35  Stalker x2  
  106  8:37  Stalker  
  116  8:48  Immortal  
  116  8:57  Immortal  
  116  8:59  Probe (Chrono Boost)  
  123  9:03  Probe (Chrono Boost)  
  123  9:04  Probe (Chrono Boost)  
  123  9:12  Stalker x4  
  104  9:50  Stalker x3  
  104  9:51  Stalker x2  
  104  9:52  Immortal x2 (Chrono Boost)  
  96  10:04  Probe x2  
  96  10:05  Probe  
  93  10:08  Assimilator  
  93  10:10  Assimilator  
  93  10:16  Probe  
  93  10:18  Stalker x2  
  93  10:19  Stalker x3  
  104  10:26  Immortal (Chrono Boost), Observer (Chrono Boost)  
  104  10:27  Gateway  
  109  10:30  Shield Battery  
  109  10:32  Gateway  
  109  10:42  Zealot x5  
  119  10:49  Immortal  
  119  10:51  Protoss Ground Weapons Level 3 (Chrono Boost)  
  119  10:52  Gateway  
  119  10:54  Gateway  
  123  10:59  Immortal  
  127  11:20  Immortal  
  127  11:27  Nexus  
  127  11:30  Pylon  
  131  11:33  Probe x3  
  131  11:38  Stalker  
  131  11:39  Stalker x2  
  140  11:45  Probe  
  141  11:47  Pylon  
  141  11:48  Probe x2  
  141  11:50  Pylon  
  137  12:16  Stalker x2  
  137  12:17  Stalker x4  
  137  12:18  Stalker x3  
  138  12:53  Stalker  
  138  12:54  Stalker x6  
  138  12:55  Stalker  
  138  12:57  Immortal x2  
  160  13:04  Probe (Chrono Boost)  
  164  13:08  Probe x2 (Chrono Boost)  
  164  13:09  Probe (Chrono Boost)  
  164  13:17  Probe (Chrono Boost)  
  165  13:21  Assimilator  
  165  13:26  Assimilator  
  163  13:29  Pylon  
  153  13:37  Immortal  
  153  13:38  Probe (Chrono Boost)  
  161  13:41  Protoss Ground Armor Level 1  
  161  13:43  Probe x3 (Chrono Boost)  
  161  13:48  Probe (Chrono Boost)  
  162  13:50  Sentry x3  
  162  13:51  Stalker  
  162  13:52  Probe x3 (Chrono Boost), Stalker x2  
  162  13:53  Probe (Chrono Boost)  
  178  14:02  Probe x2  
  180  14:14  Stargate  
  180  14:16  Stargate  
  180  14:18  Pylon  
  180  14:19  Stargate  
  180  14:20  Pylon  
  180  14:21  Probe  
  180  14:24  Observer  
  180  14:26  Probe  
  155  14:52  Stalker x4  
  133  14:53  Stalker x4  
  139  15:05  Probe  
  139  15:06  Probe x2  
  142  15:07  Pylon  
  142  15:16  Pylon  
  142  15:18  Stalker  
  142  15:19  Stalker x5, Photon Cannon  
  142  15:20  Stalker  
  116  15:50  Stalker x4  
  116  15:51  Stalker x4  
  130  15:57  Fleet Beacon  
  102  16:32  Immortal  
  102  16:33  Immortal  
  102  16:45  Stalker x2  
  102  16:46  Stalker  
  108  16:47  Stalker  
  108  16:53  Nexus  
  110  16:57  Assimilator  
  110  16:58  Assimilator  
  110  16:59  Pylon  
  110  17:00  Assimilator  
  110  17:03  Pylon  
  110  17:07  Carrier  
  116  17:09  Carrier  
  122  17:24  Carrier  
  122  17:29  Observer (Chrono Boost)  
  128  17:31  Protoss Ground Armor Level 2  
  128  17:52  Shield Battery  
  128  17:54  Photon Cannon  
  128  17:57  Photon Cannon  
  128  17:59  Photon Cannon  
  128  18:01  Shield Battery  
  128  18:12  Carrier  
  134  18:15  Nexus  
  134  18:18  Carrier, Pylon  
  140  18:20  Pylon  
  140  18:23  Zealot  
  142  18:31  Carrier  
  148  18:41  Probe x4  
  150  18:42  Probe  
  151  19:06  Photon Cannon  
  151  19:10  Photon Cannon  
  151  19:13  Shield Battery  
  151  19:16  Immortal, Carrier  
  161  19:22  Carrier  
  167  19:26  Shield Battery  
  167  19:28  Photon Cannon  
  167  19:31  Photon Cannon  
  173  19:47  Assimilator  
  171  19:53  Assimilator  
  146  20:02  Zealot x4  
  146  20:03  Zealot  
  134  20:10  Stalker x3  
  134  20:11  Stalker  
  128  20:22  Stalker  
  128  20:23  Stalker x4  
  113  20:42  Stalker  
  113  20:43  Stalker  
  113  20:47  Void Ray x2  
  104  20:54  Stalker  
  104  20:55  Stalker x3  
  79  21:07  Zealot  
  66  21:23  Stalker x2  
  58  21:44  Colossus  
  56  22:06  Zealot x2  
  60  22:08  Zealot  
  62  22:21  Probe  
  54  22:33  Probe  
  50  22:47  Zealot x2  
Tags
 
Add a new tag
Caveats
  • Supply blocks, unpowered buildings, or Contaminate may cause inaccurate times.
  • Supply counts are checked every 10 seconds.